 Dungeon Crawl Stone Soup version 0.30-a0-722-g3e6e8c874d (webtiles) character file.

Game seed: 18175468687342537448

19 hbarley the Magician (level 2, -4/22 HPs)
             Began as a Human Wanderer on Jan 27, 2023.
             Slain by a kobold
             ... wielding a +0 whip
              (5 damage)
             ... on level 2 of the Dungeon.
             The game lasted 00:06:01 (1561 turns).

hbarley the Magician (Human Wanderer)               Turns: 1561, Time: 00:06:01

Health: -4/22      AC:  7    Str: 11    XL:     2   Next: 95%
Magic:  7/7        EV:  8    Int: 14    God:
Gold:   101        SH:  0    Dex: 11    Spells: 9/9 levels left

rFire   . . .      SeeInvis .    a - +0 club
rCold   . . .      Faith    .    (no shield)
rNeg    . . .      Spirit   .    e - +0 scale mail
rPois   .          Reflect  .    f - +0 helmet
rElec   .          Harm     .    (no cloak)
rCorr   .          Rampage  .    (no gloves)
Will    .....                    (no boots) Stlth
                                 (no amulet)
HPRegen 0.23/turn                (no ring)
MPRegen 0.10/turn                (no ring)

@: no status effects
A: no striking features
a: no special abilities


You were on level 2 of the Dungeon.
You visited 1 branch of the dungeon, and saw 2 of its levels.

You collected 101 gold pieces.

Inventory:

Hand Weapons
 a - a +0 club (weapon)
Armour
 c - a +0 robe
 e - a +0 scale mail (worn)
 f - a +0 helmet (worn)
Magical Staves
 j - a staff of death
Scrolls
 g - a scroll of teleportation {unknown}
 i - a scroll of identify {unknown}
 k - a scroll of noise {unknown}
Potions
 b - 4 potions of heal wounds
 d - a potion of attraction
 h - 2 potions of brilliance {unknown}


   Skills:
 + Level 2.1 Fighting
 + Level 0.6 Maces & Flails
 + Level 0.2 Armour
 + Level 0.3 Dodging
 + Level 4.3 Spellcasting
 + Level 2.1 Poison Magic
 + Level 1.0 Invocations


You had 9 spell levels left.
You didn't know any spells.
Your spell library contained the following spells:

 Spells                   Type           Power      Damage    Failure   Level
 Sting                    Tmut/Pois      24%        1d4       58%         1
 Freeze                   Ice            12%        1d3       75%         1
 Call Imp                 Summ           3%         N/A       87%         2
 Scorch                   Fire           6%         2d5       87%         2
 Static Discharge         Conj/Air       6%         2-3/arc   87%         2
 Ignite Poison            Fire/Tmut/Pois 5%         N/A       95%         3


Dungeon Overview and Level Annotations

Branches:
Dungeon (2/15)

Altars:


Message History

The kobold hits you with a +0 whip. The frilled lizard barely misses you.
You hit the frilled lizard but do no damage.
The bat hits you but does no damage. The frilled lizard barely misses you.
The kobold hits you but does no damage.
You barely miss the frilled lizard. The bat hits you but does no damage.
The kobold barely misses you.
The frilled lizard bites you but does no damage.
You barely miss the frilled lizard. The bat hits you but does no damage.
The kobold hits you but does no damage. The frilled lizard bites you.
The frilled lizard barely misses you. The kobold barely misses you.
You barely miss the frilled lizard. The bat hits you but does no damage.
The kobold hits you but does no damage.
The frilled lizard bites you but does no damage.
You barely miss the frilled lizard. The bat closely misses you.
The frilled lizard closely misses you. The kobold hits you with a +0 whip.
You hit the frilled lizard.
The frilled lizard is heavily wounded.
The bat hits you but does no damage. The kobold hits you with a +0 whip.
The frilled lizard bites you but does no damage.
You hit the frilled lizard.
You kill the frilled lizard!
The bat hits you but does no damage.
The kobold hits you but does no damage. x2
You hit the dart slug.
The dart slug is moderately wounded.
The bat hits you. The kobold hits you with a +0 whip.
* * * LOW HITPOINT WARNING * * *
The dart slug bites you but does no damage.
You hit the dart slug.
The dart slug is almost dead.
The bat barely misses you. The kobold hits you with a +0 whip.
* * * LOW HITPOINT WARNING * * *
You hit the dart slug but do no damage.
The dart slug is almost dead.
The bat barely misses you. The kobold hits you with a +0 whip.
* * * LOW HITPOINT WARNING * * *
The dart slug closely misses you. The kobold closely misses you.
You hit the dart slug.
You kill the dart slug!
The bat hits you but does no damage. The kobold hits you with a +0 whip.
You die...

#.........# ##.......<.......
######...####........####....
###.# #..........# #####
#.###..........# #
#..##..........# #
##.##..........# #
#..#..........# #
##....b......## #
###@......... . #)K........
.# #........ # #........
#........ ##?...... .......
....##.


You could see a bat and a kobold.

Vanquished Creatures
  A dart slug (D:2)
  2 bats
  2 endoplasms
  A giant cockroach (D:1)
  2 goblins
  3 hobgoblins
  2 ball pythons (D:1)
  2 frilled lizards
  2 kobolds
  2 rats
19 creatures vanquished.

Notes
Turn   | Place    | Note
-------+----------+-------------------------------------------
     0 | D:1      | hbarley the Human Wanderer began the quest for the Orb.
     0 | D:1      | hbarley set off with the following items: a +0 club, a
                  | potion of heal wounds, a +0 robe, a potion of attraction;
                  | and the following spells available to memorise: Sting,
                  | Freeze, Call Imp, Scorch, Static Discharge, Ignite Poison.
     0 | D:1      | Reached XP level 1. HP: 16/16 MP: 5/5
   455 | D:1      | Reached XP level 2. HP: 7/22 MP: 7/7
  1560 | D:2      | HP: 1/22 [kobold/+0 whip (1)]
  1561 | D:2      | Slain by a kobold

Illustrated notes

Levels and vault maps discovered:
D:1:      minmay_arrival_shattered_statue, layout_basic
D:2:      layout_rooms

Action                     || total
---------------------------++-------
  Melee: Club              ||    94
         Punch             ||     1
 Armour: Scale mail        ||    90
  Dodge: Dodged            ||    69

Table legend: (Time is in decaauts)
 A = Elapsed time spent in this place.
 B = Non-inter-level travel time spent in this place.
 C = Inter-level travel time spent in this place.
 D = Time resting spent in this place.
 E = Time spent auto-exploring this place.
 F = Levels seen in this place.
 G = Mean time per level.
                   A        B        C        D        E       F      G
               +--------+--------+--------+--------+--------+-----+--------+
         Total |   1587 |    283 |   1304 |     62 |      0 |   2 |  793.5 |
       Dungeon |   1587 |    283 |   1304 |     62 |      0 |   2 |  793.5 |
               +--------+--------+--------+--------+--------+-----+--------+

Top non-repeatable levels by time:
     D:1: 1435 daAuts
     D:2: 151 daAuts
